 Dungeon Crawl Stone Soup version 0.29.0-5-ge4962eb29e (webtiles) character file.

Game seed: 9617159939792764305

3036 Flugkiller the Cleaver (level 9, -1/82 HPs)
             Began as a Minotaur Fighter on Aug 29, 2022.
             Was the Champion of Jiyva.
             Succumbed to Amaemon's curare
             ... on level 8 of the Dungeon.
             The game lasted 00:02:53 (6173 turns).

Flugkiller the Cleaver (Minotaur Fighter)           Turns: 6173, Time: 00:02:54

Health: -1/82      AC: 18    Str: 22    XL:     9   Next: 56%
Magic:  5/8        EV:  7    Int:  5    God:    Jiyva [******]
Gold:   232        SH: 10    Dex: 13    Spells: 8/8 levels left

rFire   + + .      SeeInvis .   a - +0 war axe
rCold   . . .      Faith    .   c - +0 buckler
rNeg    . . .      Spirit   .   h - +0 plate armour
rPois   .          Reflect  +   (helmet restricted)
rElec   .          Harm     .   s - +2 cloak
rCorr   +          Rampage  .   (no gloves)
Will    +....                   (no boots)
Stlth   ..........              t - amulet of reflection
HPRegen 1.83/turn               m - ring of willpower
MPRegen 0.61/turn               (no ring)

@: lethally poisoned (-1 -> -11), slowed, very slow
A: horns 2, retaliatory headbutt, fire resistance 2, sense surroundings 2,
gelatinous body 1, translucent skin 3
a: Renounce Religion, Oozemancy, Slimify


You were on level 8 of the Dungeon.
You worshipped Jiyva.
Jiyva was exalted by your worship.
You visited 1 branch of the dungeon, and saw 8 of its levels.
You also visited: Sewer.

You collected 282 gold pieces.
You spent 50 gold pieces at shops.

Inventory:

Hand Weapons
 a - a +0 war axe (weapon)
Missiles
 g - 3 boomerangs (quivered)
Armour
 c - a +0 buckler (worn)
 h - a +0 plate armour (worn)
   (You found it on level 2 of the Dungeon)
 s - a +2 cloak (worn)
   (You found it on level 2 of the Dungeon)
Jewellery
 m - a ring of willpower (left hand)
   (You found it on level 2 of the Dungeon)
 t - an amulet of reflection (around neck)
   (You found it on level 6 of the Dungeon)
Wands
 b - a wand of light (12)
   (You found it on level 8 of the Dungeon)
 o - a wand of roots (8)
   (You found it on level 3 of the Dungeon)
Scrolls
 i - 2 scrolls of fear
 l - a scroll of magic mapping
 p - a scroll of vulnerability
 q - a scroll of poison {unknown}
 r - a scroll of butterflies {unknown}
 v - a scroll of summoning
 z - a scroll of blinking
Potions
 d - 2 potions of might
 e - 2 potions of mutation
 f - a potion of cancellation {unknown}
 j - a potion of haste {unknown}
 k - 2 potions of curing {unknown}
 n - 2 potions of brilliance {unknown}
 w - a potion of heal wounds


   Skills:
 + Level 8.8 Fighting
 * Level 11.5 Axes
 + Level 8.8 Armour
 - Level 3.6 Shields


You had 8 spell levels left.
You didn't know any spells.
Your spell library was empty.

Dungeon Overview and Level Annotations

Branches:
Dungeon (8/15)             Temple (0/1) D:7           Sewer (visited)
   Lair: D:8-11

Altars:
Dithmenos
Hepliaklqana
Nemelex Xobeh
Sif Muna
Uskayaw
Vehumet
Wu Jian
Xom
The Shining One
Jiyva

Shops:
D:2 !   D:4 *

Annotations:
D:3 2 transporters
D:4 1 runed translucent door, HoaS's ghost, amateur GrHu
D:8 1 runed translucent door, 1 exclusion, Flugkiller's ghost, novice MiFi


Innate Abilities, Weirdness & Mutations

You have a pair of horns on your head.
You reflexively headbutt those who attack you in melee.
Your flesh is very heat resistant. (rF++)
You passively map the area around you.
Your rubbery body absorbs attacks. (AC +1, EV +1)
Your transparent skin significantly reduces your foes' accuracy. (Stealth+)


Message History

The orange demon hits you but does no damage.
You completely miss the orange demon. You headbutt the orange demon!
The orange demon is almost dead.
You slash the orange demon!
You kill the orange demon!
You closely miss Amaemon.
Amaemon hits you with the +8 whip "Snakebite" {venom, curare, rPois}!
You are poisoned.
Amaemon claws you.
Amaemon tail-slaps you but does no damage.
You barely miss Amaemon. You headbutt Amaemon.
Amaemon is lightly wounded.
You feel very sick. You block Amaemon's attack.
Amaemon claws you but does no damage. Amaemon barely misses you.
You hit Amaemon but do no damage.
Amaemon is lightly wounded.
You feel very sick. Amaemon hits you but does no damage.
You are more poisoned.
Amaemon completely misses you. Amaemon barely misses you.
You hit Amaemon.
Amaemon is lightly wounded.
You feel very sick.
Amaemon casts a spell.
You slash Amaemon! You headbutt Amaemon!
Amaemon is moderately wounded.
You feel very sick. Amaemon hits you but does no damage.
You are more poisoned.
You have difficulty breathing.
You feel yourself slow down. You block Amaemon's attack.
Amaemon tail-slaps you but does no damage.
You barely miss Amaemon.
Amaemon is moderately wounded.
You feel extremely sick.
Amaemon gestures at the scorpion while chanting.
The scorpion seems to grow toxic.
Amaemon hits you with the +8 whip "Snakebite" {venom, curare, rPois}!
You are more poisoned.
You block Amaemon's attack. Amaemon closely misses you.
You hit Amaemon.
Amaemon is moderately wounded.
You feel extremely sick.
Amaemon hits you with the +8 whip "Snakebite" {venom, curare, rPois}.
* * * LOW HITPOINT WARNING * * *
You are more poisoned.
You block Amaemon's attack.
Amaemon tail-slaps you but does no damage.
You are too injured to fight recklessly!
You slash Amaemon!
Amaemon is heavily wounded.
* * * LOW HITPOINT WARNING * * *
You feel extremely sick.
Amaemon gestures wildly while chanting.
You block Amaemon's attack. Amaemon barely misses you. x2
You are too injured to fight recklessly!
You closely miss Amaemon.
Amaemon is heavily wounded.
* * * LOW HITPOINT WARNING * * *
You feel extremely sick.
Amaemon hits you with the +8 whip "Snakebite" {venom, curare, rPois}.
* * * LOW HITPOINT WARNING * * *
You are more poisoned.
Amaemon claws you.
* * * LOW HITPOINT WARNING * * *
Amaemon barely misses you.
You feel much better.
You feel extremely sick. You block Amaemon's attack.
Amaemon claws you but does no damage.
Amaemon tail-slaps you but does no damage.
Amaemon hits you with the +8 whip "Snakebite" {venom, curare, rPois}!
* * * LOW HITPOINT WARNING * * *
You are lethally poisoned!
Amaemon claws you but does no damage.
Amaemon tail-slaps you but does no damage.
Okay, then.
You feel much better.
You feel extremely sick. You block Amaemon's attack.
Amaemon claws you but does no damage.
Amaemon tail-slaps you but does no damage.
A thick mucus forms on your +0 war axe.
You feel extremely sick. Amaemon hits you but does no damage.
You are more poisoned. x2
You have difficulty breathing.
* * * LOW HITPOINT WARNING * * *
You feel as though you will be slow longer.
Amaemon claws you but does no damage. Amaemon closely misses you.
Amaemon barely misses you. You block Amaemon's attack. Amaemon tail-slaps you.
* * * LOW HITPOINT WARNING * * *
You barely miss Amaemon.
Amaemon is heavily wounded.
* * * LOW HITPOINT WARNING * * *
You feel extremely sick. You block Amaemon's attack.
Amaemon claws you but does no damage.
Amaemon tail-slaps you but does no damage.
Amaemon quivers uncontrollably and liquefies into a slime creature!
The scorpion disappears in a puff of smoke! x2
You die...

### ,.§# ##### , #§# ###...###
#J### ##.......# * #@#<#
##......... * #♣8♣####..#
#....≈≈≈... , ,
#.!W#..#.######...≈≈≈≈≈..
**##+###..####.....≈≈...≈≈.
#...##.#.#.......≈≈.>.≈≈.
#...##.#...#.....≈≈{..≈≈.
##########..##.#.#.####...≈≈≈≈≈..
............##.#.#.# ,#....≈≈≈...
..####.............# ,##.........


You could see the neutral Amaemon the slime creature (fellow slime).

Vanquished Creatures
  An orange demon (D:8)
  Grinder (D:5)
  Duvessa (D:5)
  An acid dragon (D:8)
  2 ice beasts
  4 water moccasins
  An orc warrior (D:7)
  2 black bears
  3 centaurs
  A phantom (D:6)
  A kobold brigand (D:7)
  Blork the orc (D:5)
  2 bullfrogs
  A scorpion (D:5)
  5 wights (D:8)
  Dowan (D:5)
  3 hounds
  2 orc priests (D:4)
  4 iguanas
  5 orc wizards
  3 gnolls (D:3)
  5 river rats
  10 adders
  2 white imps (D:7)
  An ufetubus (D:4)
  3 worms
  A dart slug (D:3)
  10 orcs
  An endoplasm (D:1)
  3 giant cockroaches
  3 goblins
  8 hobgoblins
  5 kobolds
  5 quokkas
  7 ball pythons
  2 bats
  5 frilled lizards
  6 rats
122 creatures vanquished.

Vanquished Creatures (others)
  A scorpion (D:5)
  An orc priest (D:6)
  7 jellies
  2 adders
  A shadow imp (D:7)
  A white imp (D:5)
  2 ufetubi (D:5)
  4 endoplasms
  3 orcs
  3 ball pythons (Sewer)
  2 giant cockroaches (Sewer)
  A quokka (D:3)
  A bat (D:1)
  2 frilled lizards (Sewer)
  3 goblins
  A kobold (D:7)
  2 rats
  2 plants
39 creatures vanquished.

Grand Total: 161 creatures vanquished

Notes
Turn   | Place    | Note
-------+----------+-------------------------------------------
     0 | D:1      | Flugkiller the Minotaur Fighter began the quest for the
                  | Orb.
     0 | D:1      | Reached XP level 1. HP: 19/19 MP: 0/0
    72 | D:1      | Found a faded altar of an unknown god.
   106 | D:1      | Prayed at the altar of an unknown god.
   106 | D:1      | Became a worshipper of Jiyva Jama the Shapeless
   106 | D:1      | Reached * piety under Jiyva
   377 | D:1      | Reached ** piety under Jiyva
   830 | D:2      | Reached skill level 3 in Axes
   830 | D:2      | Reached XP level 2. HP: 26/27 MP: 1/1
  1025 | D:2      | Found a hazy altar of Hepliaklqana.
  1030 | D:2      | Reached *** piety under Jiyva
  1074 | D:2      | Reached XP level 3. HP: 33/33 MP: 2/2
  1088 | D:2      | Gained mutation: Your flesh is heat resistant. (rF+)
                  | [Jiyva's grace]
  1088 | D:2      | Gained mutation: Your flesh is very heat resistant. (rF++)
                  | [Jiyva's grace]
  1088 | D:2      | Gained mutation: Your flesh is almost immune to the effects
                  | of heat. (rF+++) [Jiyva's grace]
  1088 | D:2      | Gained mutation: You have a small jelly attached to you
                  | that may absorb projectiles. [Jiyva's grace]
  1340 | D:2      | Found Imefilel's Distillery.
  1350 | D:2      | Bought a potion of heal wounds for 50 gold pieces
  1466 | D:3      | Found a transporter.
  1497 | D:3      | Reached skill level 4 in Axes
  1502 | D:3      | Reached XP level 4. HP: 29/40 MP: 3/3
  1730 | D:3      | Found a transporter.
  1732 | D:3      | Reached **** piety under Jiyva
  1904 | D:4      | Found Wyqofocw's Gadget Gallery.
  1912 | D:4      | Reached XP level 5. HP: 40/47 MP: 4/4
  1914 | D:4      | Reached skill level 5 in Axes
  2138 | D:4      | Found a shimmering altar of Xom.
  2138 | D:4      | Found a shimmering altar of Xom.
  2253 | D:4      | Reached ***** piety under Jiyva
  2310 | D:4      | Found an ornate altar of the Wu Jian Council.
  2321 | D:4      | Lost mutation: Your flesh is almost immune to the effects
                  | of heat. (rF+++) [Jiyva's grace]
  2321 | D:4      | Lost mutation: You have a small jelly attached to you that
                  | may absorb projectiles. [Jiyva's grace]
  2321 | D:4      | Gained mutation: You passively map a small area around you.
                  | [Jiyva's grace]
  2321 | D:4      | Gained mutation: You passively map the area around you.
                  | [Jiyva's grace]
  2321 | D:4      | Gained mutation: You passively map a large area around you.
                  | [Jiyva's grace]
  2321 | D:4      | Gained mutation: Your rubbery body absorbs attacks. (AC +1,
                  | EV +1) [Jiyva's grace]
  2441 | D:4      | Found a runed translucent door.
  2445 | D:4      | Noticed HoaS's ghost (amateur GrHu)
  2670 | D:5      | Entered Level 5 of the Dungeon
  2673 | D:5      | Noticed a black bear
  2677 | D:5      | Noticed Dowan
  2684 | D:5      | Reached skill level 5 in Fighting
  2684 | D:5      | Reached skill level 5 in Armour
  2687 | D:5      | Killed a black bear
  2688 | D:5      | Reached skill level 6 in Axes
  2688 | D:5      | Reached XP level 6. HP: 51/56 MP: 5/5
  2707 | D:5      | Noticed Duvessa
  2725 | D:5      | Killed Duvessa
  2725 | D:5      | Killed Dowan
  2726 | D:5      | Reached skill level 7 in Axes
  2726 | D:5      | Reached XP level 7. HP: 35/62 MP: 6/6
  2938 | D:5      | Identified the +0 chain mail "Soiphuto" {*Slow rElec SInv
                  | Stlth-}
  2951 | D:5      | Found a sparkling altar of Nemelex Xobeh.
  2956 | D:5      | Found a glowing golden altar of the Shining One.
  2957 | D:5      | Found a shadowy altar of Dithmenos.
  2957 | D:5      | Found a radiant altar of Vehumet.
  2961 | D:5      | Found a hide-covered altar of Uskayaw.
  2982 | D:5      | Noticed Grinder
  2988 | D:5      | Paralysed by Grinder for 2 turns
  2994 | D:5      | Killed Grinder
  3159 | D:5      | Reached skill level 8 in Axes
  3305 | D:5      | Reached XP level 8. HP: 66/71 MP: 7/7
  3329 | D:5      | Noticed Blork the orc
  3334 | D:5      | Killed Blork the orc
  3904 | D:6      | Identified the +3 leather armour "Uregoz" {rElec Str+3
                  | Dex+2}
  3931 | D:6      | Reached ****** piety under Jiyva
  4039 | D:6      | Reached skill level 9 in Axes
  4049 | D:6      | Lost mutation: Your flesh is very heat resistant. (rF++)
                  | [Jiyva's grace]
  4049 | D:6      | Lost mutation: You passively map a large area around you.
                  | [Jiyva's grace]
  4049 | D:6      | Gained mutation: Your translucent skin slightly reduces
                  | your foes' accuracy. (Stealth+) [Jiyva's grace]
  4049 | D:6      | Gained mutation: Your translucent skin reduces your foes'
                  | accuracy. (Stealth+) [Jiyva's grace]
  4049 | D:6      | Gained mutation: Your transparent skin significantly
                  | reduces your foes' accuracy. (Stealth+) [Jiyva's grace]
  4049 | D:6      | Gained mutation: Your flesh is very heat resistant. (rF++)
                  | [Jiyva's grace]
  4185 | D:6      | Found a glowing drain.
  4193 | Sewer    | Entered a sewer
  4316 | Sewer    | Found a viscous altar of Jiyva.
  5119 | D:7      | Reached skill level 10 in Axes
  5201 | D:7      | Reached XP level 9. HP: 73/81 MP: 8/8
  5702 | D:7      | Found a staircase to the Ecumenical Temple.
  6033 | D:8      | Reached skill level 11 in Axes
  6102 | D:8      | Found a runed translucent door.
  6103 | D:8      | Noticed Flugkiller's ghost (novice MiFi)
  6125 | D:8      | Found a shimmering blue altar of Sif Muna.
  6146 | D:8      | Noticed an orange demon
  6147 | D:8      | Noticed Amaemon
  6159 | D:8      | Killed an orange demon
  6168 | D:8      | HP: 4/82 [Amaemon/the +8 whip "Snakebite" {venom, curare,
                  | rPois} (1)]
  6173 | D:8      | Slimified Amaemon
  6173 | D:8      | Noticed Amaemon
  6173 | D:8      | Amaemon changed into Amaemon the slime creature
  6173 | D:8      | Succumbed to Amaemon's curare

Illustrated notes

Levels and vault maps discovered:
D:1:      elethiomel_arrival_infinity_welcomes_careful_drivers, layout_basic,
          ebering_ecumenical_altar_abandoned
D:2:      layout_rooms, basic_altar, serial_shops,
          nicolae_shop_advertising_works [nicolae_subvault_shop_adworks],
          minmay_misc_feat_iff, minmay_misc_feat_doors, nrook_campfire,
          st_stairs_13, minmay_misc_feat_tower
D:3:      gammafunk_steamed_eel, layout_rooms,
          amcnicky_mini_rare_corridor_liquid, kennysheep_decorative_pillar
D:4:      layout_basic, nzn_wu_jian_contemplation, xom_redecorated,
          gammafunk_ghost_grave, nicolae_shop_gadgets
D:5:      layout_basic, minitemple, minmay_stone_trees_medium,
          uniq_blork_the_orc, uniq_duvessa, uniq_grinder
D:6:      layout_basic, lightli_sewer_entry_pipes, kennysheep_minor_cross,
          corexii_shack
D:7:      layout_basic, lemuel_temple_firewalk_b
D:8:      layout_loops_ring, tgw_sif, gammafunk_ghost_grave, uniq_erica,
          uniq_amaemon

Skill      XL: |  1  2  3  4  5  6  7  8  9 |
---------------+----------------------------+-----
Axes           | 3 4 6 7 8 10 11 | 11.5
Fighting       | 4 5 6 7 8 |  8.8
Armour         | 4 5 6 7 8 |  8.8
Shields        | |  3.6

Action                   |  1- 3 |  4- 6 |  7- 9 || total
-------------------------+-------+-------+-------++-------
Melee: War axe           |    78 |    83 |   223 ||   384
       Headbutt          |     8 |    14 |    36 ||    58
Invok: Slimify           |       |       |     1 ||     1
  Use: Scroll            |       |       |     8 ||     8
       Potion            |       |       |     2 ||     2
Armor: Scale mail        |    10 |       |       ||    10
       Plate armour      |    36 |    88 |   126 ||   250
Dodge: Dodged            |    28 |    22 |    79 ||   129
Block: Buckler           |    14 |    20 |    97 ||   131
       Reflection        |       |       |     5 ||     5
